 Dungeon Crawl Stone Soup version 0.21.1-1-g345015f (webtiles) character file.

59 inc the Vexing (level 3, 17/17 HPs)
             Began as a Felid Enchanter on Feb 26, 2018.
             Quit the game on level 4 of the Dungeon.
             The game lasted 00:08:37 (4645 turns).

inc the Vexing (Felid Enchanter)                    Turns: 4645, Time: 00:08:38

Health: 17/17      AC:  1    Str:  4    XL:     3   Next: 78%
Magic:  7/7        EV: 18    Int: 17    God:
Gold:   123        SH:  0    Dex: 16    Spells: 0/6 levels left
                                        Lives:  0   Deaths: 1

rFire    . . .     SeeInvis +     - Unarmed
rCold    . . .     Gourm    .   (shield unavailable)
rNeg     . . .     Faith    .   (armour unavailable)
rPois    .         Spirit   .   (helmet unavailable)
rElec    .         Reflect  .   (cloak unavailable)
rCorr    .         Harm     .   (gloves unavailable)
MR       .....                  (boots unavailable)
Stlth    +++.......             (no amulet)
HPRegen  0.05/turn              (no ring)
MPRegen  0.10/turn              (no ring)

@: quick
A: very small, no armour, no weapons or thrown items, stealth, claws 1, fangs 3,
see invisible, carnivore, speed 1, shaggy fur 1, slow metabolism 1, sharp paws
a: no special abilities


You were on level 4 of the Dungeon.
You were not hungry.

You visited 1 branch of the dungeon, and saw 4 of its levels.

You collected 123 gold pieces.

Inventory:

Jewellery
 j - an uncursed ring of teleportation
Wands
 h - a wand of acid (9)
Scrolls
 d - a scroll of amnesia {unknown}
 e - 2 scrolls of enchant weapon {unknown}
 f - 3 scrolls of identify
 i - 2 scrolls of remove curse
 l - a scroll of magic mapping {unknown}
Potions
 c - 2 potions of degeneration
 g - a potion of might {unknown}
 k - a potion of curing {unknown}
 n - a potion of mutation {unknown}
Books
 a - a book of Maledictions

   Spells                             Type                      Level
   a - Corona                         Hexes                        1
   b - Ensorcelled Hibernation        Hexes/Ice                    2
   c - Confuse                        Hexes                        3
   d - Tukima's Dance                 Hexes                        3
   e - Dazzling Spray                 Conjuration/Hexes            3
 m - a book of the Sky

   Spells                             Type                      Level
   a - Summon Lightning Spire         Summoning/Air                4
   b - Silence                        Hexes/Air                    5
   c - Deflect Missiles               Charms/Air                   6
   d - Conjure Ball Lightning         Conjuration/Air              6
   e - Tornado                        Air                          9
Comestibles
 b - 2 rations


   Skills:
 + Level 3.4 Fighting
 - Level 2.6 Dodging
 - Level 4.0 Stealth
 - Level 3.0 Unarmed Combat
 - Level 2.0 Spellcasting
 - Level 4.4 Hexes


You couldn't memorise any spells.
You knew the following spells:

 Your Spells              Type           Power        Failure   Level  Hunger
a - Corona                Hex            ###....      3%          1    #......
b - Ensorcelled Hibernat  Hex/Ice        #.....       12%         2    ###....
c - Confuse               Hex            ###.....     10%         3    ###....


Dungeon Overview and Level Annotations

Branches:
Dungeon (4/15)
 Temple: D:4-7

Altars:
Sif Muna

Annotations:
D:3 Autsider's ghost, amateur HOMo
D:4 Edmund; Sigmund


Innate Abilities, Weirdness & Mutations

You cannot wear armour.
You are incapable of wielding weapons or throwing items.
Your paws allow you to move quietly. (Stealth)
You have sharp claws.
You have razor-sharp teeth.
You have supernaturally acute eyesight. (SInv)
You are carnivorous and can eat meat at any time.
You cover ground quickly.
You are covered in fur. (AC +1)
You have a slow metabolism.
Your sharp claws are effective at attacking unaware monsters.


Message History

You are very lightly contaminated with residual magic.
Frost covers your body.
Casting: Ensorcelled Hibernation
Confirm with . or Enter, or press ? or * to list all spells.
Aiming: Ensorcelled Hibernation
Press: ? - help, Shift-Dir - straight line, f/p - iguana
Aim: an iguana (chance to defeat MR: 50%)
The iguana resists with some effort.
The iguana bites you!
Ouch! That really hurt!
Casting: Ensorcelled Hibernation
Confirm with . or Enter, or press ? or * to list all spells.
Aiming: Ensorcelled Hibernation
Press: ? - help, Shift-Dir - straight line, f/p - iguana
Aim: an iguana (chance to defeat MR: 50%)
The iguana resists with some effort.
The iguana bites you!
You die...
You are now level 3!
You rejoin the land of the living...
Unknown command.
Are you sure you want to abandon this character and quit the game? (Confirm with "yes".)

#.#..#######
#..........#
#..........#
#.........)#
#####..........#
........†l.....# .
####..!.$.....# .
#.#######..........#
..#.#...@.#...[......#
.........#..........#
##.......##..########
#.#.....##..#
#.#.........#
#.#......##.# .
#.#......##.# @.
#.#.####>##.# .. #...#
#.##.#


There were no monsters in sight!

Vanquished Creatures
  An orc priest (D:3)
  2 adders
  2 worms
  A dart slug (D:1)
  2 leopard geckos
  8 orcs
  2 ball pythons
  2 bats
  A giant cockroach (D:2)
  4 goblins
  5 hobgoblins
  3 jackals (D:2)
  10 kobolds
  2 quokkas (D:2)
  2 frilled lizards
  6 rats
53 creatures vanquished.

Vanquished Creatures (others)
  A plant (D:2)
1 creature vanquished.

Grand Total: 54 creatures vanquished

Notes
Turn   | Place    | Note
-------+----------+-------------------------------------------
     0 | D:1      | inc the Felid Enchanter began the quest for the Orb.
     0 | D:1      | Reached XP level 1. HP: 7/7 MP: 4/4
   473 | D:1      | Reached XP level 2. HP: 7/11 MP: 6/6
  1138 | D:2      | Learned a level 2 spell: Ensorcelled Hibernation
  2150 | D:2      | Reached XP level 3. HP: 14/14 MP: 4/7
  2158 | D:2      | Learned a level 3 spell: Confuse
  2597 | D:2      | Reached skill level 1 in Fighting
  2895 | D:3      | Found a faded altar of an unknown god.
  2897 | D:3      | Reached XP level 4. HP: 19/19 MP: 3/8
  2973 | D:3      | Noticed Autsider's ghost (amateur HOMo)
  3622 | D:4      | Noticed Edmund
  3999 | D:3      | Found a deep blue altar of Sif Muna.
  4563 | D:4      | Noticed Sigmund
  4644 | D:4      | Slain by an iguana
  4645 | D:4      | Reached XP level 3. HP: -1/17 MP: 2/7
  4645 | D:4      | Quit the game

Skill      XL: |  1  2  3  4 |
---------------+-------------+-----
Unarmed Combat | 2 3 |  3.0
Fighting       | 2 3 |  3.4
Dodging        | |  2.6
Stealth        | |  4.0
Spellcasting   | |  2.0
Hexes          | |  4.4

Action                   |  1- 3 |  4- 6 || total
-------------------------+-------+-------++-------
Melee: Unarmed           |    73 |    56 ||   129
       Bite              |     2 |     2 ||     4
 Cast: Ensorcelled Hiber |    28 |    30 ||    58
       Confuse           |     1 |       ||     1
       Corona            |       |     1 ||     1
  Use: Scroll            |       |     2 ||     2
 Stab: Sleeping          |    18 |    13 ||    31
  Eat: Chunk             |    11 |       ||    11
Dodge: Dodged            |    44 |    50 ||    94
